 Dungeon Crawl Stone Soup version 0.25-a0-290-g4a1327ee3a (webtiles) character file.

Game seed: 12310238693987830645, levelgen mode: deterministic

5159 MisterFreud the Slicer (level 10, -1/60 HPs)
             Began as a Halfling Hunter on Dec 14, 2019.
             Was a Follower of Uskayaw.
             Slain by an orc warrior
             ... wielding a +0 trident
              (18 damage)
             ... on level 9 of the Dungeon.
             The game lasted 00:19:39 (8987 turns).

MisterFreud the Slicer (Halfling Hunter)            Turns: 8987, Time: 00:19:39

Health: -1/60      AC:  6    Str: 16      XL:     10   Next: 89%
Magic:  12/12      EV: 20    Int:  9      God:    Uskayaw [*.....]
Gold:   462        SH:  0    Dex: 15 (16) Spells: 9/9 levels left

rFire    + . .     SeeInvis .   b - +1 short sword (venom)
rCold    + . .     Gourm    .   (shield restricted)
rNeg     . . .     Faith    .   c - +1 leather armour
rPois    .         Spirit   .   h - +2 hat
rElec    .         Reflect  .   i - scarf {rC+ rF+}
rCorr    .         Harm     .   (no gloves)
MR       .....                  (no boots)
Stlth    +++.......             (no amulet)
HPRegen  0.20/turn              n - ring of flight
MPRegen  0.13/turn              (no ring)

@: no status effects
A: small, mutation resistance 1
a: Stomp, Renounce Religion, Evoke Flight


You were on level 9 of the Dungeon.
You worshipped Uskayaw.
Uskayaw was noncommittal.
You were not hungry.

You visited 2 branches of the dungeon, and saw 10 of its levels.

You collected 462 gold pieces.

Inventory:

Hand Weapons
 a - a +1 hunting sling
 b - a +1 short sword of venom (weapon)
 C - a +2 antimagic rapier
Missiles
 d - 167 sling bullets
 m - 101 stones (quivered)
Armour
 c - a +1 leather armour (worn)
 h - a +2 hat (worn)
 i - a scarf of resistance (worn)
Jewellery
 n - a ring of flight (left hand)
Wands
 e - a wand of enslavement (9)
 v - a wand of iceblast (9)
 x - a wand of acid (4)
Scrolls
 g - 6 scrolls of teleportation
 l - 3 scrolls of enchant weapon
 o - 2 scrolls of amnesia
 q - 4 scrolls of random uselessness
 s - a scroll of blinking
 y - 2 scrolls of enchant armour
 A - a scroll of vulnerability
 B - 3 scrolls of identify
 D - 2 scrolls of immolation
Potions
 j - 2 potions of might
 k - 3 potions of brilliance
 p - a potion of cancellation
 r - a potion of berserk rage
 t - a potion of curing
 u - a potion of lignification
 w - 2 potions of degeneration
 z - 2 potions of flight
Comestibles
 f - 16 rations


   Skills:
 - Level 1.7 Fighting
 + Level 11.7 Short Blades
 + Level 9.4 Slings
 + Level 8.3 Dodging
 - Level 6.1 Stealth
 + Level 3.7 Invocations
 + Level 3.4 Evocations


You had 9 spell levels left.
You didn't know any spells.
Your spell library contained the following spells:

 Spells                   Type           Power        Failure   Level  Hunger
 Infusion                 Chrm           #...         45%         1    ##.....
 Magic Dart               Conj           #...         45%         1    ##.....
 Blink                    Tloc           N/A          58%         2    ###....
 Call Imp                 Summ           #.......     58%         2    ###....
 Shroud of Golubria       Chrm/Tloc      #.....       58%         2    ###....
 Slow                     Hex            #.......     58%         2    ###....
 Song of Slaying          Chrm           #.......     58%         2    ###....
 Conjure Flame            Conj/Fire      #.......     83%         3    ####...
 Mephitic Cloud           Conj/Pois/Air  #.......     83%         3    ####...
 Regeneration             Chrm/Necr      #.........   83%         3    ####...
 Spectral Weapon          Hex/Chrm       #.......     83%         3    ####...


Dungeon Overview and Level Annotations

Branches:
Dungeon (9/15)             Temple (1/1) D:4
   Lair: D:8-11         Orc: D:9-12

Altars:
Ashenzari
Cheibriados
Dithmenos
Elyvilon
Fedhas
Gozag
Hepliaklqana
Kikubaaqudgha
Makhleb
Nemelex Xobeh
Okawaru
Qazlal
Ru
Sif Muna
Trog
Uskayaw
Vehumet
Wu Jian
Xom
Yredelemnul
Zin
The Shining One

Shops:
D:4 *   D:8 =


Innate Abilities, Weirdness & Mutations

You are small and have problems with some larger weapons.
You are somewhat resistant to further mutation.


Message History

There is a stone staircase leading up here.
The orc wizard mumbles some strange words.
The orc wizard flickers and vanishes!
Deactivating autopickup; reactivate with Ctrl-A.
The orc warrior misses you.
You hit the orc warrior.
The orc warrior is poisoned.
The orc warrior is lightly wounded.
The orc shouts!
You hit the orc warrior.
The orc warrior looks as sick as possible!
The orc warrior is moderately wounded.
You hear a shout!
You closely miss the orc warrior.
The orc warrior is heavily wounded.
The orc warrior hits you with a +0 trident!
* * * LOW HITPOINT WARNING * * *
You completely miss the orc warrior.
The orc warrior is heavily wounded.
The orc warrior hits you from afar with a +0 trident!!
You die...

#+##### . #
#(o.o{#
...Y#.###.###o#
(.(oooo(....#.#
...##.#######@#
#.........#
##+#######


You could see an orc warrior and an orc.

Vanquished Creatures
  A hydra (D:8)
  2 hippogriffs
  2 dream sheep (D:8)
  Sigmund (D:5)
  2 yaks (D:8)
  A hungry ghost (D:7)
  2 water moccasins (D:4)
  Duvessa (D:6)
  2 orc warriors (D:8)
  2 black bears
  2 sky beasts
  2 ice beasts (D:7)
  An eye of draining (D:8)
  A phantom (D:8)
  4 ogres
  2 centaurs
  3 big kobolds (D:8)
  A bullfrog (D:8)
  Dowan (D:6)
  A scorpion (D:8)
  2 howler monkeys
  A crimson imp (D:7)
  A bullfrog zombie (D:7)
  A jelly (D:5)
  4 hounds
  An iron imp (D:7)
  A quasit (D:8)
  4 orc priests
  2 orc wizards
  Terence (D:2)
  4 iguanas
  6 worker ants
  A hound skeleton (D:6)
  2 worker ant zombies
  A howler monkey zombie (D:8)
  4 gnolls
  11 adders
  A shadow imp (D:8)
  An ooze (D:3)
  2 adder zombies
  An adder skeleton (D:7)
  3 worms
  4 leopard geckos
  17 orcs
  7 giant cockroaches
  2 goblins (D:1)
  6 hobgoblins
  16 jackals
  4 quokkas
  2 ball pythons (D:4)
  3 bats (D:2)
  8 frilled lizards
  8 kobolds
  A leopard gecko skeleton (D:6)
  12 rats
179 creatures vanquished.

Notes
Turn   | Place    | Note
-------+----------+-------------------------------------------
     0 | D:1      | MisterFreud the Halfling Hunter began the quest for the
                  | Orb.
     0 | D:1      | Reached XP level 1. HP: 14/14 MP: 1/1
   117 | D:1      | Reached skill level 1 in Short Blades
   122 | D:1      | Reached XP level 2. HP: 17/19 MP: 2/2
   633 | D:1      | Reached XP level 3. HP: 20/24 MP: 3/3
  1052 | D:2      | Reached skill level 2 in Short Blades
  1158 | D:2      | Noticed Terence
  1168 | D:2      | Killed Terence
  1168 | D:2      | Reached skill level 3 in Short Blades
  1168 | D:2      | Reached XP level 4. HP: 26/29 MP: 4/4
  1905 | D:2      | Reached XP level 5. HP: 34/34 MP: 5/5
  2077 | D:3      | Reached skill level 4 in Short Blades
  2117 | D:3      | Noticed a hippogriff
  2368 | D:3      | Killed a hippogriff
  2368 | D:3      | Reached skill level 5 in Stealth
  2368 | D:3      | Reached XP level 6. HP: 17/39 MP: 6/6
  2368 | D:3      | Reached XP level 7. HP: 19/44 MP: 7/7
  2630 | D:3      | Reached skill level 5 in Short Blades
  2825 | D:3      | Found an ornate altar of the Wu Jian Council.
  2886 | D:4      | Found a staircase to the Ecumenical Temple.
  2945 | D:4      | Found Liufui's Serpentskin Sales.
  2945 | D:4      | Noticed a water moccasin
  2945 | D:4      | Noticed a water moccasin
  3159 | D:4      | Found a glowing golden altar of the Shining One.
  3560 | D:4      | Killed a water moccasin
  3918 | D:4      | Killed a water moccasin
  3918 | D:4      | Reached XP level 8. HP: 4/49 MP: 8/8
  4391 | D:4      | Reached skill level 6 in Short Blades
  4639 | Temple   | Entered the Ecumenical Temple
  4700 | Temple   | Became a worshipper of Uskayaw the Reveler
  4750 | D:5      | Entered Level 5 of the Dungeon
  4756 | D:5      | Noticed Sigmund
  4773 | D:4      | Reached * piety under Uskayaw
  4844 | D:5      | Reached ** piety under Uskayaw
  4862 | D:5      | Killed Sigmund
  4862 | D:5      | Reached skill level 5 in Dodging
  4913 | D:5      | Reached skill level 7 in Short Blades
  4916 | D:5      | Reached *** piety under Uskayaw
  5135 | D:5      | Found a glowing silver altar of Zin.
  5225 | D:5      | Reached skill level 8 in Short Blades
  5571 | D:6      | Reached XP level 9. HP: 38/54 MP: 9/9
  5715 | D:6      | Noticed Dowan
  5718 | D:6      | Noticed Duvessa
  5732 | D:6      | Killed Duvessa
  5732 | D:6      | Reached skill level 9 in Short Blades
  5743 | D:6      | Killed Dowan
  6163 | D:6      | Reached skill level 10 in Short Blades
  6552 | D:7      | Noticed a hippogriff
  6565 | D:7      | Killed a hippogriff
  6571 | D:7      | Reached **** piety under Uskayaw
  6759 | D:7      | Reached ***** piety under Uskayaw
  6841 | D:7      | Reached skill level 11 in Short Blades
  6967 | D:7      | Found a snail-covered altar of Cheibriados.
  6984 | D:7      | Reached XP level 10. HP: 60/60 MP: 10/10
  7493 | D:8      | Reached skill level 1 in Invocations
  7493 | D:8      | Reached skill level 1 in Evocations
  7890 | D:8      | Noticed a two-headed hydra
  7897 | D:8      | Killed a two-headed hydra
  7918 | D:8      | Found Viabbidgh's Jewellery Shoppe.
  8987 | D:9      | Slain by an orc warrior

Levels and vault maps discovered:
D:1:      tarquinn_simple_flora_water_e, layout_loops_ring
D:2:      layout_loops_ring, serial_forest, infiniplex_forest_lined_room_3,
          infiniplex_forest_straight_2, infiniplex_forest_zigzag_2,
          infiniplex_forest_corner_2, infiniplex_forest_straight_5, uniq_terence
D:3:      layout_rooms, lemuel_round_altar, minmay_ruptured
D:4:      layout_gridville, tso_oasis_becter, minmay_temple_entry_statues,
          first_ration, guppyfry_shop_venom
D:5:      layout_cave_pools, zin_academy, uniq_sigmund
D:6:      layout_loops_corners, uniq_duvessa
D:7:      layout_rooms, slow_altar_2
D:8:      layout_basic, serial_shops, shop, hangedman_ranch
          [blue_anna_fruit_fields], minmay_misc_feat_rows, chequers_garden,
          hex_medium
D:9:      layout_roguey [special_room_bee], orc_0_dummy, kennysheep_minor_cross
Temple:   compressed_dpeg_circular_temple

Skill      XL: |  1  2  3  4  5  6  7  8  9 10 |
---------------+-------------------------------+-----
Short Blades   | 1 3 4 5 8 11 | 11.7
Stealth        | 2 3 5 6 |  6.1
Dodging        | 3 4 6 7 8 |  8.3
Slings         | 7 9 |  9.4
Invocations    | 3 |  3.7
Evocations     | 3 |  3.4
Fighting       | |  1.7

Action                   |  1- 3 |  4- 6 |  7- 9 | 10-12 || total
-------------------------+-------+-------+-------+-------++-------
Melee: Short sword       |    71 |    61 |   352 |   189 ||   673
       Dagger            |     8 |    27 |       |       ||    35
 Fire: Hunting sling     |    33 |    41 |    30 |    18 ||   122
Evoke: Wand              |       |       |     2 |     3 ||     5
  Use: Potion            |       |       |     4 |       ||     4
       Scroll            |       |       |     8 |     7 ||    15
 Stab: Sleeping          |     4 |     4 |     9 |     7 ||    24
       Paralysed         |       |       |     3 |     4 ||     7
       Distracted        |       |       |     1 |       ||     1
  Eat: Chunk             |     1 |     4 |    17 |     4 ||    26
       Ration            |       |       |       |     1 ||     1
Armor: Leather armour    |    26 |    32 |    29 |    16 ||   103
Dodge: Dodged            |    42 |   125 |   213 |    89 ||   469

Table legend:
 A = Non-vault XP
 B = Vault XP
 C = Vault XP percentage of total XP
 D = Non-vault monster count
 E = Vault monster count
 F = Vault count percentage of total count
                 A         B        C        D         E       F
            +---------+---------+-------+---------+---------+-------
      Total |    4088 |    3283 |  44.5 |     157 |      22 |  12.3
            +---------+---------+-------+---------+---------+-------
        D:1 |      31 |       0 |   0.0 |      22 |       0 |   0.0
        D:2 |     102 |      39 |  27.7 |      29 |       3 |   9.4
        D:3 |     106 |     260 |  71.0 |      15 |       2 |  11.8
        D:4 |     252 |     319 |  55.9 |       7 |       5 |  41.7
        D:5 |     488 |     227 |  31.7 |      18 |       1 |   5.3
        D:6 |     526 |     223 |  29.8 |      18 |       2 |  10.0
        D:7 |    1323 |      43 |   3.1 |      27 |       1 |   3.6
        D:8 |    1217 |    2172 |  64.1 |      20 |       8 |  28.6
        D:9 |      43 |       0 |   0.0 |       1 |       0 |   0.0
            +---------+---------+-------+---------+---------+-------
